 Dungeon Crawl Stone Soup version 0.21-a0-273-g0785366 (console) character file.

7 Mandevil the Bolt Thrower (level 2, -3/22 HPs)
             Began as a Human Hunter on Sept 16, 2017.
             Slain by a kobold
             ... wielding a +0 dagger
              (4 damage)
             ... on level 1 of the Dungeon.
             The game lasted 00:01:23 (163 turns).

Mandevil the Bolt Thrower (Human Hunter)             Turns: 163, Time: 00:01:24

Health: -3/22      AC:  5    Str: 12    XL:     2   Next: 10%
Magic:  2/2        EV: 12    Int: 11    God:
Gold:   0          SH:  0    Dex: 13    Spells: 1/1 levels left

rFire    + . .     SeeInvis .   b - +1 hand crossbow
rCold    . . .     Gourm    .   (no shield)
rNeg     . . .     Faith    .   g - +2 leather armour {rF+}
rPois    +         Spirit   .   (no helmet)
rElec    .         Reflect  .   (no cloak)
rCorr    .         Harm     .   (no gloves)
MR       .....                  (no boots)
Stlth    +.........             (no amulet)
HPRegen  0.07/turn              e - ring of flight
MPRegen  0.08/turn              c - ring of poison resistance

@: hasted, very quick
A: no striking features
a: Evoke Flight


You were on level 1 of the Dungeon.
You were not hungry.

You visited 1 branch of the dungeon, and saw 1 of its levels.

Inventory:

Hand Weapons
 a - a +0 short sword
 b - a +1 hand crossbow (weapon)
Missiles
 d - 15 bolts (quivered)
Armour
 g - a +2 leather armour of fire resistance (worn)
Jewellery
 c - a ring of poison resistance (right hand)
 e - a ring of flight (left hand)
Comestibles
 f - a bread ration
 h - 4 chunks of flesh


   Skills:
 + Level 2.2 Fighting
 + Level 4.2 Crossbows
 - Level 2.0 Dodging
 - Level 1.0 Stealth


You had one spell level left.
You didn't know any spells.

Dungeon Overview and Level Annotations

Branches:
Dungeon (1/15)

Altars:


Message History

* * * LOW HITPOINT WARNING * * *
The kobold barely misses you.
Firing (i - inventory):
d - 17 bolts (quivered)
Press: ? - help, Shift-Dir - straight line, f/p - kobold
Aim: a kobold, wielding a short sword of speed (moderately wounded)
You shoot a bolt. The bolt closely misses the kobold.
The kobold misses you. x2
It was a potion of curing.
You feel better. The kobold hits you but does no damage.
The kobold closely misses you.
Firing (i - inventory):
d - 16 bolts (quivered)
Press: ? - help, Shift-Dir - straight line, f/p - kobold
Aim: a kobold, wielding a short sword of speed (moderately wounded)
You shoot a bolt. The bolt barely misses the kobold.
The kobold hits you with a short sword of speed.
* * * LOW HITPOINT WARNING * * *
The kobold hits you with a dagger.
* * * LOW HITPOINT WARNING * * *
The kobold completely misses you. The kobold closely misses you.
It was a potion of haste.
You feel yourself speed up. The kobold hits you but does no damage.
The kobold hits you with a dagger.
You die...

....#####...
............ .........#
... #....[..# #. .... .
#.......###....###.
+..................
#KK.....####......
#.p....(#....###.#
+....................##
#....########..........
#.... #..###..... .....
#...%...... ##.##
#.[...#.### #.
##.%....# . #.%....##
#.......#


You could see 2 kobolds.

Vanquished Creatures
  A kobold (D:1)
  4 bats (D:1)
  3 rats (D:1)
8 creatures vanquished.

Notes
Turn   | Place    | Note
-------+----------+-------------------------------------------
     0 | D:1      | Mandevil the Human Hunter began the quest for the Orb.
     0 | D:1      | Reached XP level 1. HP: 16/16 MP: 1/1
   125 | D:1      | Reached XP level 2. HP: 22/22 MP: 2/2
   162 | D:1      | HP: 1/22 [kobold/dagger (2)]
   163 | D:1      | Slain by a kobold

Vault maps used:
D:1:      lightli_arrival_noodles, minmay_misc_feat_columns

Action                   || total
-------------------------++-------
Melee: Short sword       ||    21
 Fire: Hand crossbow     ||     6
  Use: Potion            ||     2
Armor: Leather armour    ||    18
Dodge: Dodged            ||    39

Table legend:
 A = Spawn XP
 B = Non-spawn XP
 C = Spawn XP percentage of total XP
 D = Spawn monster count
 E = Non-spawn monster count
 F = Spawn count percentage of total count
 G = Total turns spent on level
                    A         B        C        D         E        F      G
               +---------+---------+-------+---------+---------+-------+---------
         Total |       0 |      11 |   0.0 |       0 |       8 |   0.0 |   163
               +---------+---------+-------+---------+---------+-------+---------
           D:1 |       0 |      11 |   0.0 |       0 |       8 |   0.0 |   163
               +---------+---------+-------+---------+---------+-------+---------
